 Dungeon Crawl Stone Soup version 0.21.1-1-g345015f (webtiles) character file.

2058 shakethe the Fighter (level 9, -4/96 HPs)
             Began as an Ogre Hunter on Feb 22, 2018.
             Slain by a wyvern (12 damage)
             ... on level 7 of the Dungeon.
             The game lasted 00:23:00 (8697 turns).

shakethe the Fighter (Ogre Hunter)                  Turns: 8697, Time: 00:23:00

Health: -4/96      AC:  5    Str: 18      XL:     9   Next: 25%
Magic:  9/9        EV: 11    Int: 14 (15) God:
Gold:   130        SH: 11    Dex:  9      Spells: 8/8 levels left

rFire    . . .     SeeInvis .   l - +3 hand axe (freeze)
rCold    . . .     Gourm    .   g - +0 shield
rNeg     . . .     Faith    .   b - +0 robe
rPois    .         Spirit   .   (helmet restricted)
rElec    .         Reflect  +   (no cloak)
rCorr    .         Harm     .   (gloves unavailable)
MR       .....                  (boots unavailable)
Stlth    +.........             v - +2 amulet of reflection
HPRegen  0.26/turn              G - +1 ring of evasion
MPRegen  0.11/turn              F - +2 ring of protection

@: no status effects
A: large, unfitting armour, tough skin 1
a: no special abilities


You were on level 7 of the Dungeon.
You were not hungry.

You visited 1 branch of the dungeon, and saw 7 of its levels.

You collected 286 gold pieces.
You spent 156 gold pieces at shops.

Inventory:

Hand Weapons
 a - a +0 short sword
 l - a +3 hand axe of freezing (weapon)
   (You found it on level 1 of the Dungeon)
 A - a +0 giant spiked club
   (You took it off an ogre on level 5 of the Dungeon)
Missiles
 d - 2 throwing nets {=f, !d}
Armour
 b - a +0 robe (worn)
 g - a +0 shield (worn)
   (You found it on level 1 of the Dungeon)
Jewellery
 m - an uncursed ring of ice {rC+, rF-}
   (You found it on level 1 of the Dungeon)
 q - an uncursed ring of protection from cold {rC+, !d}
   (You found it on level 3 of the Dungeon)
 v - a +2 amulet of reflection (around neck)
   (You found it on level 2 of the Dungeon)
 z - an uncursed ring of flight {+Fly, !d}
   (You found it on level 3 of the Dungeon)
 F - a +2 ring of protection (right hand)
   (You bought it in a shop on level 6 of the Dungeon)
 G - a +1 ring of evasion (left hand)
   (You bought it in a shop on level 6 of the Dungeon)
Wands
 n - a wand of polymorph (11)
   (You found it on level 4 of the Dungeon)
 w - a wand of acid (12)
   (You found it on level 3 of the Dungeon)
 x - a wand of disintegration (5)
   (You took it off Ijyb on level 3 of the Dungeon)
 H - a wand of digging (9)
   (You found it on level 7 of the Dungeon)
Scrolls
 i - a scroll of blinking {!r}
 j - 2 scrolls of remove curse
 k - 2 scrolls of amnesia
 r - 2 scrolls of enchant weapon
 s - a scroll of enchant armour
 t - 2 scrolls of identify
 u - 4 scrolls of teleportation
 y - 3 scrolls of fear {unknown}
 B - a scroll of noise {unknown}
 D - a scroll of magic mapping {!r}
Potions
 e - a potion of mutation {!q}
 o - 4 potions of lignification {!q}
 p - a potion of cancellation
 C - a potion of brilliance
Comestibles
 f - 6 rations


   Skills:
 + Level 8.2 Fighting
 + Level 5.7 Axes
 - Level 4.0 Throwing
 + Level 5.6 Dodging
 - Level 0.6 Stealth
 + Level 5.2 Shields


You had 8 spell levels left.
You didn't know any spells.

Dungeon Overview and Level Annotations

Branches:
Dungeon (7/15)             Temple (0/1) D:7

Altars:
Dithmenos
Elyvilon
Fedhas
Kikubaaqudgha
Ru
Vehumet
Zin
The Shining One

Shops:
D:6 =(=


Innate Abilities, Weirdness & Mutations

You are too large for most types of armour.
You have tough skin. (AC +1)


Message History

* * * LOW HITPOINT WARNING * * *
You are more poisoned.
The killer bee poisons you!
You take 11 damage, and have 21/96 hp.
It was a potion of curing.
You feel better. The killer bee stings you!
* * * LOW HITPOINT WARNING * * *
The killer bee stings you.
* * * LOW HITPOINT WARNING * * *
You take 9 damage, and have 12/96 hp.
It was a potion of invisibility.
You fade into invisibility!
You block the killer bee's attack. x2
You are very lightly contaminated with residual magic.
You miss the killer bee. You block the killer bee's attack.
The killer bee barely misses you.
You hit the killer bee. You freeze the killer bee.
You kill the killer bee!
The worker ant bites you but does no damage.
You block the worker ant's attack.
You see here a killer bee corpse.
You slash the worker ant! You freeze the worker ant.
You block the worker ant's attack.
You closely miss the worker ant. You block the worker ant's attack.
You strike the helpless worker ant from behind!
You slash the worker ant! You freeze the worker ant.
You kill the worker ant!
You feel your intelligence returning.
You slash the orc! You freeze the orc.
You kill the orc!
You hear some strange, mumbled words.
Something tries to affect you, but you resist.
Something hits you but does no damage.
You see here a worker ant corpse.
You hit something. You freeze something. Something hits you.
* * * LOW HITPOINT WARNING * * *
You take 2 damage, and have 13/96 hp.
You closely miss something. Something hits you but does no damage.
An orc wizard appears from thin air!
Reactivating autopickup.
You flicker for a moment.
The orc wizard casts a spell at something.
The magic dart hits you!
* * * LOW HITPOINT WARNING * * *
You take 10 damage, and have 4/96 hp.
The orc wizard closely misses you.
You hit the orc wizard. You freeze the orc wizard.
You kill the orc wizard!
Things that are here:
a dagger; a robe; an orc corpse You flicker back into view.
A killer bee comes into view.
Your magical contamination has completely faded away.
There is a stone staircase leading down here.
You start resting.
All of the chunks of flesh in your inventory have rotted away.
Health restored: 96 A wyvern comes into view.
The wyvern hisses angrily.
Found an escape hatch in the ceiling.
The wyvern bites you!
You take 9 damage, and have 87/96 hp.
The wyvern bites you.
You take 2 damage, and have 85/96 hp.
You closely miss the wyvern. You block the wyvern's attack.
The wyvern barely misses you.
You hit the wyvern. You freeze the wyvern. The wyvern completely misses you.
You block the wyvern's attack.
You barely miss the wyvern. The wyvern closely misses you.
You hit the wyvern. You freeze the wyvern. The wyvern bites you.
You block the wyvern's attack.
You take 3 damage, and have 83/96 hp.
You hit the wyvern. You freeze the wyvern. You block the wyvern's attack.
You hit the wyvern but do no damage. The wyvern bites you!
The wyvern misses you.
You take 9 damage, and have 74/96 hp.
You closely miss the wyvern. The wyvern bites you!
You take 9 damage, and have 65/96 hp.
You barely miss the wyvern.
The wyvern bites you but does no damage.
You block the wyvern's attack.
You hit the wyvern. You freeze the wyvern. The wyvern bites you!
You take 14 damage, and have 51/96 hp.
You hit the wyvern but do no damage. The wyvern bites you.
The wyvern bites you!
You take 17 damage, and have 34/96 hp.
You completely miss the wyvern. The wyvern bites you!
* * * LOW HITPOINT WARNING * * *
You block the wyvern's attack.
You take 8 damage, and have 26/96 hp.
Aim: a wyvern (almost dead)
You throw a large rock {!d}.
The large rock {!d} barely misses the wyvern.
You block the wyvern's attack. x2
You closely miss the wyvern. You block the wyvern's attack.
The wyvern bites you!!
* * * LOW HITPOINT WARNING * * *
You take 18 damage, and have 8/96 hp.
The wyvern bites you!
You die...

#.#.#####..#...##...###..
#.#.# #..###........ .
....# #..###.##..####
..#.## #..........#
##...## ##.....##..#
#.....####.###.##.##
.....(..##.# #.#..###
#.....#.##.###.#...(#
................@l#.#
###.###.##.###.##.#.#
....# #....# #.##.#.#
###.######.###.##.#.#
..................#l#
################.##.# #.#
<. #.######## #.>...>...


You could see a wyvern.

Vanquished Creatures
  A hungry ghost (D:7)
  An orc warrior (D:6)
  2 ice beasts
  4 ogres
  A centaur (D:5)
  A bullfrog (D:7)
  2 killer bees (D:7)
  2 crimson imps (D:7)
  A bullfrog zombie (D:5)
  The ghost of inc the Scratcher, a weakling FeCK of Xom (D:4)
  4 orc priests
  A jelly (D:7)
  A bullfrog skeleton (D:5)
  An iguana (D:5)
  Ijyb (D:3)
  Natasha (thrice) (D:2)
  5 orc wizards
  8 worker ants
  Terence (D:2)
  A howler monkey zombie (D:6)
  A howler monkey skeleton (D:3)
  A worker ant zombie (D:6)
  9 gnolls (D:5)
  4 adders
  A shadow imp (D:5)
  An ooze (D:3)
  An adder skeleton (D:5)
  A worm (D:4)
  4 leopard geckos
  26 orcs
  4 ball pythons
  2 giant cockroaches
  15 goblins
  5 hobgoblins
  6 jackals
  7 kobolds
  8 bats
  8 frilled lizards
  A leopard gecko skeleton (D:4)
  A leopard gecko zombie (D:7)
  A quokka skeleton (D:4)
  5 rats
154 creatures vanquished.

Vanquished Creatures (others)
  A kobold (D:3)
1 creature vanquished.

Grand Total: 155 creatures vanquished

Notes
Turn   | Place    | Note
-------+----------+-------------------------------------------
     0 | D:1      | shakethe the Ogre Hunter began the quest for the Orb.
     0 | D:1      | Reached XP level 1. HP: 22/22 MP: 1/1
   359 | D:1      | Reached skill level 3 in Fighting
   359 | D:1      | Reached skill level 2 in Dodging
   359 | D:1      | Reached XP level 2. HP: 31/31 MP: 2/2
  1022 | D:2      | Reached XP level 3. HP: 30/37 MP: 3/3
  1090 | D:2      | Reached skill level 1 in Shields
  1180 | D:2      | Reached skill level 1 in Axes
  1219 | D:2      | Noticed Terence
  1224 | D:2      | Killed Terence
  1224 | D:2      | Reached XP level 4. HP: 44/46 MP: 4/4
  1377 | D:2      | Noticed Natasha
  1385 | D:2      | Killed Natasha
  1561 | D:2      | Noticed Natasha
  1562 | D:2      | Killed Natasha
  1562 | D:2      | Reached skill level 4 in Fighting
  1789 | D:2      | Noticed Natasha
  1790 | D:2      | Killed Natasha
  1790 | D:2      | Reached skill level 2 in Axes
  1790 | D:2      | Reached XP level 5. HP: 54/54 MP: 5/5
  1969 | D:3      | Noticed Ijyb
  2037 | D:3      | Killed Ijyb
  2037 | D:3      | Reached skill level 2 in Shields
  2279 | D:3      | Reached skill level 3 in Dodging
  2340 | D:3      | Reached XP level 6. HP: 59/63 MP: 6/6
  2383 | D:3      | You fall through a shaft for 3 floors!
  2383 | D:6      | Found a glowing golden altar of the Shining One.
  2425 | D:5      | Entered Level 5 of the Dungeon
  2434 | D:5      | Found a glowing silver altar of Zin.
  2434 | D:5      | Found a radiant altar of Vehumet.
  2545 | D:5      | HP: 9/65 [iguana (11)]
  2567 | D:5      | Reached skill level 5 in Fighting
  2567 | D:5      | HP: 16/66 [poisoned by a worker ant]
  2835 | D:4      | HP: 2/66 [ogre/giant club (22)]
  3026 | D:4      | Noticed inc's ghost (weakling FeCK)
  3042 | D:4      | HP: 11/66 [inc's ghost (9)]
  3045 | D:4      | Killed inc's ghost
  3507 | D:3      | Reached skill level 3 in Axes
  3589 | D:3      | Reached XP level 7. HP: 71/72 MP: 7/7
  4139 | D:4      | Reached skill level 3 in Shields
  4605 | D:4      | HP: 13/74 [ogre/giant club (17)]
  5157 | D:5      | HP: 15/74 [centaur (9)]
  5160 | D:5      | HP: 4/74 [centaur (6)]
  5161 | D:5      | Reached skill level 6 in Fighting
  5161 | D:5      | Reached skill level 4 in Dodging
  5561 | D:5      | Reached skill level 4 in Axes
  5572 | D:5      | Reached XP level 8. HP: 68/84 MP: 8/8
  5982 | D:5      | Reached skill level 4 in Shields
  6252 | D:5      | HP: 15/84 [orc priest/divine providence (13)]
  6520 | D:6      | Reached skill level 7 in Fighting
  6720 | D:6      | Found a glowing golden altar of the Shining One.
  6720 | D:6      | Found an ancient bone altar of Kikubaaqudgha.
  6750 | D:6      | Found Juubis's Jewellery Emporium.
  6756 | D:6      | Bought a +2 ring of protection for 120 gold pieces
  6756 | D:6      | Bought a +1 ring of evasion for 36 gold pieces
  6912 | D:6      | Found Orghy's Antique Weapon Emporium.
  6987 | D:6      | Reached skill level 5 in Dodging
  6987 | D:6      | HP: 20/87 [something (3)]
  6991 | D:6      | HP: 9/87 [something (3)]
  6996 | D:6      | HP: 8/87 [something (2)]
  6998 | D:6      | HP: 2/87 [something (2)]
  7295 | D:6      | Found Hacemuam's Jewellery Shop.
  7604 | D:6      | Found a shadowy altar of Dithmenos.
  7604 | D:6      | Found a white marble altar of Elyvilon.
  7604 | D:6      | Found a blossoming altar of Fedhas.
  7779 | D:5      | Reached skill level 5 in Axes
  8014 | D:5      | Found a sacrificial altar of Ru.
  8155 | D:7      | Reached skill level 5 in Shields
  8155 | D:7      | Reached XP level 9. HP: 88/96 MP: 9/9
  8180 | D:7      | Reached skill level 8 in Fighting
  8282 | D:7      | Found a staircase to the Ecumenical Temple.
  8299 | D:7      | HP: 21/96 [killer bee (6)]
  8311 | D:7      | HP: 13/96 [something (2)]
  8316 | D:7      | HP: 4/96 [orc wizard/magic dart (10)]
  8696 | D:7      | HP: 8/96 [wyvern (19)]
  8697 | D:7      | Slain by a wyvern

Skill      XL: |  1  2  3  4  5  6  7  8  9 |
---------------+----------------------------+-----
Fighting       | 3 4 5 6 7 8 |  8.2
Dodging        | 2 3 4 5 |  5.6
Shields        | 1 2 3 5 |  5.2
Axes           | 1 2 3 4 5 |  5.7
Throwing       | |  4.0
Stealth        | |  0.6

Action                   |  1- 3 |  4- 6 |  7- 9 || total
-------------------------+-------+-------+-------++-------
Melee: Short sword       |    23 |       |       ||    23
       Hand axe          |    49 |   133 |   307 ||   489
Throw: Large rock        |     7 |    21 |     4 ||    32
Evoke: Wand              |       |       |     7 ||     7
  Use: Scroll            |       |    15 |     2 ||    17
       Potion            |       |     1 |     6 ||     7
 Stab: Sleeping          |       |       |     3 ||     3
       Invisible         |       |       |     1 ||     1
  Eat: Chunk             |     1 |     5 |     9 ||    15
       Ration            |       |     1 |     3 ||     4
Armor: Robe              |    40 |    26 |    57 ||   123
Dodge: Dodged            |    28 |    48 |   104 ||   180
Block: Shield            |    33 |    79 |   142 ||   254
       Reflection        |       |     5 |     4 ||     9

Vault maps used:
D:1:      dpeg_arrival_arbitrary_b, fountainhead
D:2:      serial_co_window_serial, co_window_of_opportunity_a,
          co_window_corner_a, co_window_paths_b, co_window_of_opportunity_a,
          co_window_of_opportunity_a, co_window_paths_b, co_window_paths_a,
          co_window_paths_b, co_window_of_opportunity_a, co_window_2corner,
          co_window_corner_b, co_window_corner_b, co_window_corner_cb,
          co_window_2corner, uniq_natasha, uniq_terence
D:3:      kennysheep_the_goblin_king, first_ration
D:5:      chequers_temple_overflow_statue_of_worship, minmay_misc_feat_square,
          nicolae_ru_the_path_less_chosen
D:6:      gammafunk_temple_overflow_statue, gammafunk_temple_overflow_claw,
          serial_shops, nicolae_shop_waterfront, nicolae_shop_crystal, shop,
          tso_altar
D:7:      lemuel_doored_altar, minmay_temple_entry_grid

Table legend:
 A = Turns spent in this place as a percentage of turns spent in the entire game.
 B = Non-inter-level travel turns spent in this place as a percentage of non-inter-level travel turns spent in the entire game.
 C = Inter-level travel turns spent in this place as a percentage of turns spent in this place.
 D = Turns resting spent in this place as a percentage of non-inter-level travel turns spent in this place.
 E = Turns spent auto-exploring this place as a percentage of non-inter-level travel turns spent in this place.
 F = Non-inter-level travel turns spent in this place divided by the number of levels of this place that you've seen.
                   A       B       C       D       E      F
               +-------+-------+-------+-------+-------+----------------------
         Total | 100.0 | 100.0 |   1.6 |  33.6 |  34.2 | 1223.1
       Dungeon | 100.0 | 100.0 |   1.6 |  33.6 |  34.2 | 1223.1
               +-------+-------+-------+-------+-------+----------------------

Table legend:
 A = Kills in this place as a percentage of kills in entire the game.
 B = Kills by you in this place as a percentage of kills by you in the entire game.
 C = Kills by friends in this place as a percentage of kills by friends in the entire game.
 D = Other kills in this place as a percentage of other kills in the entire game.
 E = Experience gained in this place as a percentage of experience gained in the entire game.
 F = Experience gained in this place divided by the number of levels of this place that you have seen.
                   A       B       C       D       E      F
               +-------+-------+-------+-------+-------+----------------------
         Total | 100.0 | 100.0 |   N/A |   N/A | 100.0 | 420.1
       Dungeon | 100.0 | 100.0 |   N/A |   N/A | 100.0 | 420.1
               +-------+-------+-------+-------+-------+----------------------
